 Dungeon Crawl Stone Soup version 0.30.1-4-g462c640d31 (webtiles) character file.

Game seed: 8574477084744373631

345 Kurtz the Chopper (level 6, -4/37 HPs)
             Began as a Tengu Fighter on Sept 18, 2023.
             Slain by a bullfrog (6 damage)
             ... in a sewer.
             The game lasted 00:03:00 (2620 turns).

Kurtz the Chopper (Tengu Fighter)                   Turns: 2620, Time: 00:03:01

Health: -4/37      AC: 11    Str: 18    XL:     6   Next: 58%
Magic:  7/7        EV:  6    Int:  8    God:
Gold:   68         SH:  5    Dex: 14    Spells: 5/5 levels left

rFire   . . .        a - +0 war axe
rCold   . . .        c - +0 buckler
rNeg    . . .        n - +0 plate armour
rPois   .            (helmet restricted)
rElec   .            (no cloak)
rCorr   .            (no gloves)
SInv    .            (boots unavailable)
Will    .....        (no amulet) Stlth
                     (no ring)
HPRegen 0.26/turn    (no ring)
MPRegen 0.10/turn

%: no passive effects
@: mighty, flying quickly and evasively, quick
A: beak, talons 3, nimble flight
a: no special abilities


You were in a sewer.
You visited 1 branch of the dungeon, and saw 3 of its levels.
You also visited: Sewer.

You collected 68 gold pieces.

Inventory:

Hand Weapons
 a - a +0 war axe (weapon)
Armour
 b - a +0 scale mail
 c - a +0 buckler (worn)
 n - a +0 plate armour (worn)
Scrolls
 e - a scroll of amnesia {unknown}
 f - 2 scrolls of teleportation
 i - a scroll of enchant armour {unknown}
 j - a scroll of identify {unknown}
 l - a scroll of enchant weapon {unknown}
 m - 5 scrolls of poison
 p - a scroll of blinking {unknown}
Potions
 g - 2 potions of ambrosia {unknown}
 h - a potion of brilliance {unknown}
 k - 2 potions of curing {unknown}
 o - a potion of haste {unknown}


   Skills:
 * Level 3.2 Fighting
 * Level 7.2 Axes
 - Level 3.2 Armour
 * Level 0.8 Dodging
 - Level 3.0 Shields


You had 5 spell levels left.
You didn't know any spells.
Your spell library contained the following spells:

 Spells                   Type           Power      Damage    Failure   Level
 Sublimation of Blood     Necr           0%         N/A       100%        2
 Wereblood                Tmut           0%         N/A       100%        2
 Ozocubu's Armour         Ice            0%         N/A       100%        3
 Fireball                 Conj/Fire      0%         3d3       100%        5
 Iskenderun's Battlesphe  Conj           0%         2d6       100%        5
 Conjure Ball Lightning   Conj/Air       0%         3x3d6     100%        6
 Orb of Destruction       Conj           0%         9d5       100%        7
 Ozocubu's Refrigeration  Ice            0%         4d7       100%        7
 Summon Hydra             Summ           0%         N/A       100%        7
 Borgnjor's Revivificati  Necr           0%         N/A       100%        8
 Necromutation            Tmut/Necr      0%         N/A       100%        8
 Death's Door             Necr           0%         N/A       100%        9


Dungeon Overview and Level Annotations

Branches:
Dungeon (3/15)              Sewer (1/1)

Altars:
Ru


Innate Abilities, Weirdness & Mutations

You have a beak for a mouth.
You have claws for feet.
Your magical nature lets you fly swiftly and evasively.


Message History

The bullfrog hits you. You block the bullfrog's attack.
You block the adder's attack. The bullfrog hits you.
Unknown command.
You slash the bullfrog! You peck the bullfrog.
The bullfrog is almost dead.
You closely miss the bullfrog. You miss the adder.
The bullfrog hits you but does no damage.
The bullfrog hits you. The adder barely misses you. The bullfrog hits you.
You are too injured to fight recklessly!
Unknown command.
You are too injured to fight recklessly!
Unknown command.
You are too injured to fight recklessly!
You feel very mighty all of a sudden. You block the bullfrog's attack.
The adder bites you but does no damage.
The bullfrog hits you but does no damage.
The bullfrog hits you.
* * * LOW HITPOINT WARNING * * *
The bullfrog completely misses you. The adder bites you but does no damage.
You hit the bullfrog. Your kick misses the bullfrog.
Your peck misses the bullfrog.
The bullfrog is heavily wounded.
You closely miss the adder. You miss the bullfrog.
The bullfrog barely misses you. The bullfrog hits you!
* * * LOW HITPOINT WARNING * * *
The adder bites you but does no damage.
The bullfrog hits you but does no damage.
You slash the bullfrog! You claw the bullfrog.
You kill the bullfrog!
You barely miss the adder. You barely miss the bullfrog. The bullfrog hits you.
* * * LOW HITPOINT WARNING * * *
The adder bites you but does no damage.
The bullfrog hits you but does no damage.
The adder barely misses you.
Your Axes skill increases to level 7!
You closely miss the bullfrog.
The bullfrog is almost dead.
You closely miss the adder. You block the bullfrog's attack.
The adder bites you but does no damage. The bullfrog hits you.
You die...

##......##'##......##
#......##..###......#
##..~~.##..# #.†~†~##
#~~~~~~##### #~†~~~~#
#~≈~~~≈# #≈~~~~≈#
#≈~~~~≈# #~~~~~≈#
#≈~~~~≈# #~~~≈≈≈#
#≈~~~~≈# #~~~~≈≈#
#~≈S@≈≈# #≈~..~≈#
#~~F†≈≈# #≈~..~~#
#~.~≈≈≈# #≈~†~.≈#
#~.~≈≈≈# #≈≈~~~~#
#~~#~≈≈# #≈≈†~~~#
#~≈~~~≈# #≈~~~~~#
#≈~~~~≈# #~~†~~≈#
#≈~~~~≈# #~~~~≈≈#
#~~~≈≈≈#


You could see a bullfrog and an adder.

Vanquished Creatures
  A bullfrog (Sewer)
  An orc wizard (D:3)
  13 adders
  6 river rats (Sewer)
  An orc (D:3)
  18 ball pythons
  4 endoplasms
  3 giant cockroaches
  3 hobgoblins
  6 kobolds
  4 quokkas
  6 bats
  8 frilled lizards
  6 goblins
  27 rats
107 creatures vanquished.

Notes
Turn   | Place    | Note
-------+----------+-------------------------------------------
     0 | D:1      | Kurtz the Tengu Fighter began the quest for the Orb.
     0 | D:1      | Reached XP level 1. HP: 14/14 MP: 2/2
   233 | D:1      | Reached skill level 3 in Axes
   233 | D:1      | Reached XP level 2. HP: 8/19 MP: 3/3
  1056 | D:2      | Reached XP level 3. HP: 21/23 MP: 4/4
  1078 | D:2      | Reached skill level 4 in Axes
  1285 | D:2      | Found a sacrificial altar of Ru.
  1707 | D:3      | Reached XP level 4. HP: 14/28 MP: 5/5
  1842 | D:3      | Reached skill level 5 in Axes
  1979 | D:3      | Found a glowing drain.
  1993 | D:3      | Gained mutation: Your magical nature lets you fly swiftly
                  | and evasively. [Tengu growth]
  1993 | D:3      | Reached XP level 5. HP: 24/32 MP: 6/6
  2007 | Sewer    | Entered a sewer
  2043 | Sewer    | Reached skill level 6 in Axes
  2131 | Sewer    | Reached XP level 6. HP: 34/37 MP: 7/7
  2620 | Sewer    | Reached skill level 7 in Axes
  2620 | Sewer    | Slain by a bullfrog

Illustrated notes

Levels and vault maps discovered:
D:1:      lemuel_arrival_behind_the_door_large, layout_basic
D:2:      layout_basic, basic_altar
D:3:      layout_rooms, gup_sewer_entry_glass, minivault_26, minmay_vboxes,
          uniq_jessica
Sewer:    sewer_minmay_w

Skill      XL: |  1  2  3  4  5  6 |
---------------+-------------------+-----
Axes           | 3 4 5 6 7 |  7.2
Fighting       | |  3.2
Armour         | |  3.2
Dodging        | |  0.8
Shields        | |  3.0

Action                     |  1- 3 |  4- 6 || total
---------------------------+-------+-------++-------
  Melee: War axe           |    83 |   114 ||   197
         Kick              |    17 |    23 ||    40
         Peck              |     6 |    11 ||    17
    Use: Scroll            |       |     3 ||     3
         Potion            |       |     1 ||     1
 Armour: Scale mail        |    37 |       ||    37
         Plate armour      |       |   103 ||   103
  Dodge: Dodged            |    23 |    33 ||    56
  Block: Buckler           |    16 |    28 ||    44
